 Seeded DCSS version 0.30-a0-329-g85436e0a43 (webtiles) character file.

Game seed: 14872741407673304922 (custom seed)

129 Low2 the Trooper (level 5, 0/57 HPs)
             Began as an Ogre Cinder Acolyte on Oct 28, 2022.
             Was a High Priest of Ignis.
             Slain by an orc wizard
             ... wielding a +0 dagger
              (1 damage)
             ... on level 3 of the Dungeon.
             The game lasted 00:03:55 (817 turns).

Low2 the Trooper (Ogre Cinder Acolyte)               Turns: 817, Time: 00:03:56

Health: 0/57       AC:  3    Str: 22    XL:     5   Next: 12%
Magic:  6/6        EV:  9    Int: 15    God:    Ignis [*****.]
Gold:   67         SH:  0    Dex:  4    Spells: 6/6 levels left

rFire   + + +      SeeInvis .    j - +6 falchion "Jellybane" {speed, rF++ rC- rCorr Str+2}
rCold   x . .      Faith    .    (no shield)
rNeg    . . .      Spirit   .    b - +0 robe
rPois   .          Reflect  .    (helmet restricted)
rElec   .          Harm     .    (no cloak)
rCorr   +          Rampage  .    (gloves unavailable)
Will    .....                    (boots unavailable)
Stlth   +.........               (no amulet)
HPRegen 0.29/turn                (no ring)
MPRegen 0.10/turn                (no ring)

@: no status effects
A: large, unfitting armour, tough skin 1
a: Renounce Religion, Fiery Armour, Foxfire Swarm, Rising Flame


You were on level 3 of the Dungeon.
You worshipped Ignis.
Ignis was extremely pleased with you.
You visited 1 branch of the dungeon, and saw 3 of its levels.

You collected 67 gold pieces.

Inventory:

Hand Weapons
 a - a -1 spear of flaming
 i - a +0 whip of flaming
 j - the +6 falchion "Jellybane" (weapon) {speed, rF++ rC- rCorr Str+2}
   (You found it on level 3 of the Dungeon)

   Attacks with this weapon are significantly faster.
   Str:       It affects your strength (+2).
   rF:        It greatly protects you from fire.
   rC:        It makes you vulnerable to cold.
   rCorr:     It protects you from acid and corrosion.
Armour
 b - a +0 robe (worn)
Wands
 h - a wand of mindburst (6)
Scrolls
 e - a scroll of acquirement {unknown}
 f - a scroll of immolation {unknown}
Potions
 g - a potion of flight {unknown}


   Skills:
 + Level 5.0 Fighting
 + Level 0.7 Long Blades
 + Level 3.9 Polearms
 + Level 1.5 Throwing
 + Level 1.3 Dodging
 + Level 0.2 Stealth
 + Level 1.2 Spellcasting
 + Level 2.9 Fire Magic


You had 6 spell levels left.
You didn't know any spells.
Your spell library contained the following spells:

 Spells                   Type           Power      Damage    Failure   Level
 Scorch                   Fire           18%        2d6       11%         2


Dungeon Overview and Level Annotations

Branches:
Dungeon (3/15)

Altars:


Innate Abilities, Weirdness & Mutations

You are too large for most types of armour.
You have tough skin. (AC +1)


Message History

The orc wizard hits you with a +0 dagger.
* * * LOW HITPOINT WARNING * * *
You hit the orc wizard but do no damage.
The orc wizard is severely wounded.
The orc wizard closely misses you.
You barely miss the orc wizard.
The orc wizard is severely wounded.
The orc wizard barely misses you.
You hit the orc wizard but do no damage.
You punch the orc wizard.
The orc wizard is severely wounded.
The orc wizard closely misses you.
You hit the orc wizard but do no damage.
The orc wizard is severely wounded.
You closely miss the orc wizard.
The orc wizard is severely wounded.
The orc wizard hits you with a +0 dagger.
* * * LOW HITPOINT WARNING * * *
You hit the orc wizard.
You kill the orc wizard!
Your Fighting skill increases to level 5!
You have reached level 5!
You closely miss the orc. The orc hits you with a +0 whip.
* * * LOW HITPOINT WARNING * * *
You slash the orc!
You kill the orc!
Deactivating autopickup; reactivate with Ctrl-A.
You miss something. Something hits you.
* * * LOW HITPOINT WARNING * * *
You closely miss something. Something hits you but does no damage.
You miss something. You hit something but do no damage.
You hear some strange, mumbled words.
A magic dart appears from out of thin air!
The magic dart hits you!
* * * LOW HITPOINT WARNING * * *
You hit something. Something hits you.
* * * LOW HITPOINT WARNING * * *
You hit something. Something hits you.
You die...

######## #####
#......#########......
#...>........)@{()(...
#......#########.(....
#......# .....
#......# ...# #......#
..# #......# .#
#......# # ####.###
######.########


There were no monsters in sight!

Vanquished Creatures
  Ijyb (D:3)
  2 orc wizards (D:3)
  An adder (D:2)
  A worm (D:2)
  A dart slug (D:2)
  6 orcs (D:3)
  2 endoplasms
  7 goblins
  3 hobgoblins (D:2)
  4 kobolds (D:2)
  4 ball pythons (D:3)
  A bat (D:3)
  A frilled lizard (D:2)
34 creatures vanquished.

Vanquished Creatures (others)
  An orc (D:3)
1 creature vanquished.

Grand Total: 35 creatures vanquished

Notes
Turn   | Place    | Note
-------+----------+-------------------------------------------
     0 | D:1      | Low2 the Ogre Cinder Acolyte began the quest for the Orb.
     0 | D:1      | Reached XP level 1. HP: 24/24 MP: 2/2
    99 | D:2      | Reached XP level 2. HP: 7/33 MP: 3/3
   310 | D:2      | Reached XP level 3. HP: 39/40 MP: 4/4
   584 | D:3      | Identified the +6 falchion "Jellybane" {speed, rF++ rC-
                  | rCorr Str+2}
   592 | D:3      | Noticed Ijyb
   599 | D:3      | Killed Ijyb
   600 | D:3      | Reached skill level 1 in Dodging
   600 | D:3      | Reached XP level 4. HP: 20/49 MP: 5/5
   775 | D:3      | Reached skill level 1 in Throwing
   810 | D:3      | Reached skill level 5 in Fighting
   810 | D:3      | Reached XP level 5. HP: 16/57 MP: 6/6
   816 | D:3      | HP: 1/57 [something (4)]
   817 | D:3      | Slain by an orc wizard

Illustrated notes

Levels and vault maps discovered:
D:1:      erik_arrival_triangle_small, layout_loops_cross
D:2:      layout_rooms, kennysheep_generic_room_14
D:3:      cheibrodos_helix_gallery, layout_basic, slow_altar_2,
          nicolae_ecumenical_pavilion, uniq_jessica, uniq_ijyb

Skill      XL: |  1  2  3  4 |
---------------+-------------+-----
Dodging        | 1 |  1.3
Throwing       | 1 |  1.5
Fighting       | 5 |  5.0
Long Blades    | |  0.7
Polearms       | |  3.9
Stealth        | |  0.2
Spellcasting   | |  1.2
Fire Magic     | |  2.9

Action                   |  1- 3 |  4- 6 || total
-------------------------+-------+-------++-------
Melee: Spear             |    54 |       ||    54
       Falchion          |     1 |    38 ||    39
       Punch             |       |     1 ||     1
Throw: Dart              |     4 |     3 ||     7
       Large rock        |    16 |     5 ||    21
Armor: Robe              |    34 |    11 ||    45
Dodge: Dodged            |    30 |    11 ||    41

Table legend: (Time is in decaauts)
 A = Elapsed time spent in this place.
 B = Non-inter-level travel time spent in this place.
 C = Inter-level travel time spent in this place.
 D = Time resting spent in this place.
 E = Time spent auto-exploring this place.
 F = Levels seen in this place.
 G = Mean time per level.
                   A        B        C        D        E       F      G
               +--------+--------+--------+--------+--------+-----+--------+
         Total |    827 |    827 |      0 |    315 |      0 |   3 |  275.7 |
       Dungeon |    827 |    827 |      0 |    315 |      0 |   3 |  275.7 |
               +--------+--------+--------+--------+--------+-----+--------+

Top non-repeatable levels by time:
     D:2: 444 daAuts
     D:3: 290 daAuts
     D:1: 92 daAuts
